Zazza, neutral female human Tourist ----- |...| ---.<.| -- |...--- --.--.---- |.....|S.-- --..Wf@GSG| |..---h..- --. -.... -. ...- .... ....# .....| -#-.- . - Zazza the Rambler Experience level: 1 Strength: 13 Dexterity: 12 Constitution: 17 Intelligence: 12 Wisdom: 8 Charisma: 14 Health: 0(14) Energy: 2(2) Def: 0 Gold: 5850 Moves: 1696 Dungeon seed: beXy4XKCUD1TkWWQ Game ID: Zazza_1621695186 Your Inventory: Coins $ - 5850 gold pieces Amulets u - an uncursed amulet of restful sleep Weapons a - 35 blessed +2 darts (in quiver) q - a +0 orcish dagger (weapon in hand) Armor e - an uncursed +0 Hawaiian shirt (being worn) Comestibles b - 11 uncursed food rations c - 2 uncursed lembas wafers d - an uncursed cram ration f - an uncursed egg g - 2 uncursed tripe rations h - an uncursed melon D - an uncursed egg Scrolls j - 3 uncursed scrolls of magic mapping k - a blessed scroll of magic mapping p - a cursed scroll of light s - an uncursed scroll of gold detection M - a cursed scroll of confuse monster N - an uncursed scroll of fire Spellbooks o - an uncursed spellbook of light A - an uncursed spellbook of detect monsters Potions i - 2 uncursed potions of extra healing v - an uncursed potion of fruit juice x - an uncursed potion of hallucination E - 2 uncursed potions of levitation J - an uncursed potion of water P - an uncursed potion of paralysis R - a cursed potion of extra healing Wands B - a wand of enlightenment (0:14) Q - a wand of lightning (0:7) Tools l - an expensive camera (0:37) n - an uncursed towel t - an uncursed lock pick Gems r - 2 uncursed worthless pieces of blue glass Spells and supernatural/magical abilities: Name Level Category Fail Memory l - light 1 divination 24% 92% n - detect monsters 1 divination 24% 96% W - pray for help -- divine ? -- Your skills at the end: Fighting Skills Weapon Skills dart [Basic] Spellcasting Skills Final Attributes: You were nominally aligned. You are dead. Vanquished creatures: 2 acid blobs a gas spore 3 giant rats 2 yellow molds a red mold a gecko a fox a goblin 2 sewer rats 3 grid bugs a bat 2 lichens 2 kobold zombies 5 newts 27 creatures vanquished. Voluntary challenges: You used a wielded weapon 8 times, starting on turn 173. You read items or engraved 2 times, starting on turn 40. You never genocided any monsters. You never polymorphed an object. You never changed form. You used no wishes. You never split a pudding. You never wrote Elbereth's name. You never violated your personal moral code. Dungeon overview: The Dungeons of Doom: levels 1 to 4 Level 1 (g) a fountain a long staircase Level 2 Level 3 a general store Level 4 (g) stairs to The Gnomish Mines The Gnomish Mines: Level 5 <- You were here stairs to The Dungeons of Doom History has recorded: On T:1 you entered the Dungeons of Doom to retrieve the Amulet of Yendor! On T:87 you reached level 2 of The Dungeons of Doom. On T:310 you reached level 3 of The Dungeons of Doom. On T:1450 you reached level 4 of The Dungeons of Doom. On T:1681 you reached level 1 of The Gnomish Mines. Score breakdown: Gold: 5068 (12602 points) Experience: 1 level ( 0 points) Exploration: 5 levels ( 10.42%) ( 8751 points) Discoveries: 5 items ( 1.68%) ( 3885 points) Valuables value: (no points given unless you survive) Artifact value: 0 ( 0 points) Variety of kills: 14 monsters ( 3.67%) ( 5750 points) Turncount: 1696 turns ( 0 points) Survival: died (score multiplied by 80%) Total score: 24790 Latest messages: The gnome picks up 4 tripe rations. Armand bites the gnome. (2x) The gnome misses Armand. Armand misses the gnome. Armand eats a human corpse named Zazza. You hear some noises. The gnome lord swings his crossbow at Armand. The gnome lord hits Armand. Armand bites the gnome lord. The gnome lord swings his crossbow at Armand. The gnome lord misses Armand. The gnome lord reads a scroll labeled TEMOV! Q - a maple wand. R - a potion of extra healing. $ - 2542 gold pieces. There is a grave here. Something is engraved here on the headstone. You read: "Zazza, killed by a gnome lord". There are many more objects here. The garter snake bites! The dwarf swings her broad pick. The dwarf hits! The gnome lord swings his crossbow. The gnome lord hits! You die... Final status: Aloha Zazza the Tourist, killed by a gnome lord... You died in The Gnomish Mines on dungeon level 5 with 24790 points, and 5850 pieces of gold, after 1696 moves. You were level 1 with a maximum of 14 hit points when you died.